 Dungeon Sprint DCSS version 0.23.0 (webtiles) character file.

Game seed: 6912708743609114556

49 Freyura the Conjurer (level 3, -5/27 HPs)
             Began as a Gnoll Conjurer on Feb 9, 2019.
             Was an Initiate of Sif Muna.
             Slain by a tarantella (16 damage)
             ... in the Dungeon (Sprint V: "Ziggurat Sprint").
             The game lasted 00:02:04 (58 turns).

Freyura the Conjurer (Gnoll Conjurer)                 Turns: 58, Time: 00:02:04

Health: -5/27      AC:  2    Str: 10    XL:     3   Next: 75%
Magic:  4/9        EV: 15    Int: 30    God:    Sif Muna [......]
Gold:   0          SH:  0    Dex: 15    Spells: 11/12 levels left

rFire    . . .     SeeInvis .   E - +5 quick blade
rCold    . . .     Gourm    .   (no shield)
rNeg     . . .     Faith    .   a - +0 robe
rPois    .         Spirit   .   (no helmet)
rElec    .         Reflect  .   (no cloak)
rCorr    .         Harm     .   (no gloves)
MR       .....     NoTele   +   (no boots)
Stlth    +.........             (no amulet)
HPRegen  0.09/turn              z - +6 ring of intelligence
MPRegen  0.11/turn              A - +6 ring of intelligence

@: confused
A: distributed training, fangs 1, strong nose
a: Renounce Religion


You were in the Dungeon.
You worshipped Sif Muna.
Sif Muna was noncommittal.
You were not hungry.

You visited 1 branch

Inventory:

Hand Weapons
 E - a +5 quick blade (weapon)
Armour
 a - a +0 robe (worn)
Jewellery
 z - a +6 ring of intelligence (left hand)
 A - a +6 ring of intelligence (right hand)
Wands
 u - a wand of disintegration (7)
 v - a wand of iceblast (7)
 w - a wand of acid (7)
Scrolls
 i - 4 scrolls of blinking
 o - 4 scrolls of amnesia
 p - 7 scrolls of fog
 q - a scroll of holy word
 r - 5 scrolls of identify
 s - 5 scrolls of remove curse
 t - 2 scrolls of fear
Potions
 b - 2 potions of brilliance
 d - 10 potions of curing
 e - 8 potions of heal wounds
 f - 6 potions of haste
 g - 7 potions of magic
 h - 3 potions of berserk rage
 j - 2 potions of invisibility
 k - 4 potions of resistance
 l - a potion of experience
 m - 5 potions of agility
 n - 5 potions of might
Miscellaneous
 D - a lightning rod (3/4)
Comestibles
 c - 7 rations


   Skills:
 + Level 2.1 Fighting
 + Level 2.1 Short Blades
 + Level 2.1 Long Blades
 + Level 2.1 Axes
 + Level 2.1 Maces & Flails
 + Level 2.1 Polearms
 + Level 2.1 Staves
 + Level 2.1 Slings
 + Level 2.1 Bows
 + Level 2.1 Crossbows
 + Level 2.1 Throwing
 + Level 2.1 Armour
 + Level 5.1 Dodging
 + Level 4.7 Stealth
 + Level 2.1 Shields
 + Level 2.1 Unarmed Combat
 + Level 5.4 Spellcasting
 + Level 7.3 Conjurations
 + Level 1.7 Hexes
 + Level 1.7 Charms
 + Level 1.7 Summonings
 + Level 1.7 Necromancy
 + Level 1.7 Translocations
 + Level 1.7 Transmutations
 + Level 1.7 Fire Magic
 + Level 1.7 Ice Magic
 + Level 1.7 Air Magic
 + Level 1.7 Earth Magic
 + Level 1.7 Poison Magic
 + Level 2.4 Invocations
 + Level 2.1 Evocations


You had 11 spell levels left.
You knew the following spells:

 Your Spells              Type           Power        Failure   Level  Hunger
a - Magic Dart            Conj           ####         1%          1    None

Your spell library contained the following spells:

 Spells                   Type           Power        Failure   Level  Hunger
 Searing Ray              Conj           ######       1%          2    None
 Dazzling Spray           Conj/Hex       #####.       2%          3    None
 Iskenderun's Mystic Bla  Conj           ######..     2%          4    ###....
 Force Lance              Conj/Tloc      #####...     9%          4    ###....
 Fulminant Prism          Conj/Hex       #####.....   9%          4    ###....


Dungeon Overview and Level Annotations

Branches:
Dungeon (1/1)

Altars:
Ashenzari
Cheibriados
Dithmenos
Elyvilon
Fedhas
Gozag
Hepliaklqana
Kikubaaqudgha
Makhleb
Nemelex Xobeh
Okawaru
Qazlal
Ru
Sif Muna
Trog
Uskayaw
Vehumet
Wu Jian
Xom
Yredelemnul
Zin
The Shining One
Beogh
Jiyva
Lugonu

Annotations:
D 1 transporter


Innate Abilities, Weirdness & Mutations

Your experience applies equally to all skills.
You have very sharp teeth.
Your uncanny sense of smell can sniff out nearby items.


Message History

You feel much better. The tarantella misses you.
The tarantella completely misses you.
Casting: Magic Dart (safe; 1% risk of failure)
Confirm with . or Enter, or press ? or * to list all spells.
Aiming: Magic Dart (safe; 1% risk of failure)
Press: ? - help, Shift-Dir - straight line, f - tarantella
Aim: a tarantella The magic dart hits the tarantella.
The tarantella is lightly wounded.
The tarantella bites you!!
Ouch! That really hurt!
* * * LOW HITPOINT WARNING * * *
You are confused.
You feel much better. The tarantella bites you. The tarantella bites you!
You are more confused.
You barely miss the tarantella.
The tarantella is lightly wounded.
The tarantella bites you!
Ouch! That really hurt!
You die...

▓▓▓▓▓▓▓
▓.8©8.▓
∆∆∆
▓.....▓
▓.}.}.▓
▓.....▓
▓.s†..▓
▓..@..▓
▓▓▓▓▓▓▓
∆∆∆ ∆ ∆


You could see a tarantella.

Vanquished Creatures
  A scorpion (D)
1 creature vanquished.

Vanquished Creatures (others)
  A spatial maelstrom (D)
1 creature vanquished.

Grand Total: 2 creatures vanquished

Notes
Turn   | Place    | Note
-------+----------+-------------------------------------------
     0 | D        | Found the +6 Majin-Bo {vamp, Archmagi MP+6 Int+6}
     0 | D        | Found the +7 great mace "Firestarter" {inner flame, rF++}
     0 | D        | Freyura the Gnoll Conjurer began the quest for the Orb.
     0 | D        | Reached XP level 1. HP: 13/13 MP: 6/6
     0 | D        | Found a deep blue altar of Sif Muna.
     0 | D        | Found a sacrificial altar of Ru.
     0 | D        | Found a bloodstained altar of Trog.
     0 | D        | Found a stormy altar of Qazlal.
     0 | D        | Found an iron altar of Okawaru.
     0 | D        | Found a sparkling altar of Nemelex Xobeh.
     0 | D        | Found a blossoming altar of Fedhas.
     2 | D        | Found a transporter.
     2 | D        | Found an ancient bone altar of Kikubaaqudgha.
     2 | D        | Found a viscous altar of Jiyva.
     2 | D        | Found a corrupted altar of Lugonu.
     2 | D        | Found a hazy altar of Hepliaklqana.
     2 | D        | Found a burning altar of Makhleb.
     2 | D        | Found an opulent altar of Gozag.
     3 | D        | Banished a spatial maelstrom
    41 | D        | Became a worshipper of Sif Muna the Loreminder
    51 | D        | Entered arena 2.
    51 | D        | Noticed a tarantella
    51 | D        | Noticed a scorpion
    51 | D        | Found a transporter.
    54 | D        | Killed a scorpion
    54 | D        | Reached skill level 5 in Dodging
    54 | D        | Reached skill level 5 in Spellcasting
    54 | D        | Reached skill level 1 in Hexes
    54 | D        | Reached skill level 1 in Charms
    54 | D        | Reached skill level 1 in Summonings
    54 | D        | Reached skill level 1 in Necromancy
    54 | D        | Reached skill level 1 in Translocations
    54 | D        | Reached skill level 1 in Transmutations
    54 | D        | Reached skill level 1 in Fire Magic
    54 | D        | Reached skill level 1 in Ice Magic
    54 | D        | Reached skill level 1 in Air Magic
    54 | D        | Reached skill level 1 in Earth Magic
    54 | D        | Reached skill level 1 in Poison Magic
    54 | D        | Reached XP level 2. HP: 1/22 MP: 5/8
    54 | D        | Reached XP level 3. HP: 2/27 MP: 5/9
    58 | D        | Slain by a tarantella

Skill      XL: |  1 |
---------------+----+-----
Fighting       | 2 |  2.1
Short Blades   | 2 |  2.1
Long Blades    | 2 |  2.1
Axes           | 2 |  2.1
Maces & Flails | 2 |  2.1
Polearms       | 2 |  2.1
Staves         | 2 |  2.1
Slings         | 2 |  2.1
Bows           | 2 |  2.1
Crossbows      | 2 |  2.1
Throwing       | 2 |  2.1
Armour         | 2 |  2.1
Dodging        | 5 |  5.1
Shields        | 2 |  2.1
Unarmed Combat | 2 |  2.1
Spellcasting   | 5 |  5.4
Hexes          | 1 |  1.7
Charms         | 1 |  1.7
Summonings     | 1 |  1.7
Necromancy     | 1 |  1.7
Translocations | 1 |  1.7
Transmutations | 1 |  1.7
Fire Magic     | 1 |  1.7
Ice Magic      | 1 |  1.7
Air Magic      | 1 |  1.7
Earth Magic    | 1 |  1.7
Poison Magic   | 1 |  1.7
Invocations    | 2 |  2.4
Evocations     | 2 |  2.1
Stealth        | |  4.7
Conjurations   | |  7.3

Action                   || total
-------------------------++-------
Melee: Quick blade       ||     1
 Cast: Magic Dart        ||     3
Evoke: Lightning rod     ||     1
  Use: Potion            ||     2
Dodge: Dodged            ||     4
